Map: [ESL] Alcyone

Players

Wayne

  • Race: Zerg Zerg
  • Spawn Location: 7:00

ShaDoWn - Winner!

  • Race: Protoss Protoss
  • Spawn Location: 1:00

Event: ESL SC2 Masters 2024 Spring (Regional)

VOD

Have the link to the VOD?

Description

Time

  • Played on: April 16, 2024, 9:24 a.m.
  • Length: 9:50

All games in this series

Show
View Real Time Build Order
Export as new Build Order

Wayne Zerg 

Build Orders: Hatch First, Lurkers 

Get SALT Encoding   

  12  0:00  Drone  
  13  0:12  Overlord  
  13  0:16  Drone  
  14  0:30  Drone x2  
  16  0:47  Hatchery  
  15  0:50  Drone  
  15  0:54  Drone  
  17  0:57  Drone  
  18  1:07  Extractor  
  17  1:12  Spawning Pool  
  17  1:15  Drone  
  17  1:19  Drone  
  18  1:28  Drone  
  19  1:38  Drone  
  20  1:49  Drone  
  21  2:00  Queen x2  
  25  2:01  Zergling x2  
  25  2:02  Overlord  
  26  2:11  Drone x2  
  26  2:12  Metabolic Boost  
  28  2:22  Zergling x2, Drone  
  30  2:35  Hatchery  
  30  2:37  Drone  
  30  2:42  Queen  
  32  2:47  Overlord  
  32  2:50  Drone  
  33  2:53  Zergling x2  
  33  2:55  Drone  
  33  2:57  Zergling x2  
  36  3:05  Queen  
  38  3:07  Overlord  
  38  3:12  Drone x3  
  41  3:17  Drone x2  
  41  3:22  Drone x2  
  43  3:27  Queen  
  45  3:34  Zergling x2  
  45  3:35  Zergling x4  
  45  3:40  Drone x2  
  50  3:42  Zergling x2  
  50  3:47  Queen  
  53  3:48  Overlord  
  53  3:49  Drone  
  53  3:52  Drone  
  53  3:53  Drone  
  56  3:56  Drone  
  56  4:01  Drone x2  
  55  4:06  Zergling x2  
  55  4:07  Zergling x2  
  58  4:10  Drone  
  58  4:12  Spore Crawler, Drone x2  
  58  4:13  Drone  
  58  4:15  Drone x2  
  58  4:16  Drone  
  60  4:21  Overlord  
  60  4:22  Drone  
  61  4:31  Drone x3  
  64  4:36  Overlord  
  64  4:37  Drone  
  64  4:38  Drone  
  66  4:41  Hatchery  
  66  4:43  Drone x2  
  67  4:46  Drone  
  67  4:54  Lair  
  67  4:58  Roach Warren  
  67  5:00  Drone x5  
  67  5:01  Evolution Chamber  
  67  5:02  Spore Crawler  
  67  5:05  Drone x3  
  72  5:09  Overlord  
  72  5:10  Overlord  
  72  5:11  Drone x4  
  76  5:18  Overlord  
  75  5:22  Spore Crawler  
  75  5:25  Zergling x10  
  72  5:29  Drone x2  
  74  5:37  Drone x2  
  74  5:38  Drone  
  74  5:40  Drone  
  74  5:41  Hatchery  
  77  5:42  Zerg Missile Weapons Level 1  
  77  5:44  Drone  
  77  5:45  Drone  
  77  5:46  Drone  
  77  5:49  Drone  
  81  5:50  Extractor  
  81  5:51  Extractor, Drone x2  
  81  5:52  Glial Reconstitution  
  81  5:58  Extractor, Drone  
  81  6:00  Drone x5  
  81  6:03  Overseer, Extractor  
  81  6:04  Extractor  
  84  6:06  Drone x2  
  84  6:09  Drone x2  
  84  6:10  Drone x2  
  90  6:16  Overlord  
  90  6:21  Overlord  
  90  6:22  Spore Crawler  
  89  6:28  Roach x4  
  89  6:31  Overlord x2  
  97  6:33  Infestation Pit  
  97  6:34  Overlord, Drone  
  97  6:42  Roach x5  
  97  6:46  Drone  
  108  6:51  Overlord  
  108  6:55  Drone x2  
  108  6:56  Roach x3  
  116  7:06  Hydralisk Den  
  116  7:07  Drone x9  
  122  7:11  Roach  
  124  7:17  Extractor  
  124  7:19  Extractor  
  124  7:21  Drone x6  
  128  7:23  Drone  
  128  7:26  Hatchery  
  128  7:27  Drone x2  
  130  7:31  Hive  
  130  7:33  Drone x2  
  130  7:34  Overlord, Drone  
  130  7:36  Overlord  
  133  7:38  Roach x3  
  135  7:49  Spine Crawler  
  135  7:50  Roach x5  
  143  7:56  Grooved Spines  
  143  7:57  Hydralisk x2  
  147  8:02  Lurker Den  
  147  8:03  Drone x4  
  150  8:09  Extractor  
  150  8:10  Spine Crawler  
  150  8:11  Roach x3  
  150  8:12  Spine Crawler  
  153  8:13  Hydralisk  
  153  8:19  Overlord x2  
  155  8:22  Overlord  
  155  8:25  Hydralisk  
  155  8:26  Hydralisk x2  
  158  8:30  Overlord x2  
  158  8:33  Overlord  
  158  8:38  Overlord x4  
  154  8:41  Hydralisk x2  
  154  8:48  Hydralisk x4  
  161  9:00  Viper x3  
  161  9:02  Hydralisk x4  
  154  9:05  Roach x3  
  159  9:11  Roach x4  
  161  9:19  Lurker x2  
  161  9:21  Lurker  
  161  9:22  Lurker  
  165  9:24  Hydralisk  
  165  9:25  Hydralisk  
  165  9:35  Hatchery  
Show
View Real Time Build Order
Export as new Build Order

ShaDoWn Protoss - Winner!

Build Orders: 1 Gate Expand, Oracle Opening 

Get SALT Encoding   

  12  0:01  Probe  
  13  0:12  Pylon  
  13  0:17  Probe (Chrono Boost)  
  14  0:26  Probe (Chrono Boost)  
  15  0:31  Probe (Chrono Boost)  
  16  0:39  Gateway  
  16  0:43  Probe  
  16  0:48  Assimilator  
  17  0:56  Probe  
  18  1:08  Probe  
  19  1:20  Probe  
  20  1:27  Nexus  
  20  1:35  Cybernetics Core  
  20  1:38  Probe  
  21  1:45  Assimilator  
  21  1:50  Probe  
  21  1:54  Pylon  
  22  2:03  Probe  
  23  2:09  Adept (Chrono Boost)  
  23  2:15  Probe  
  26  2:18  Stargate  
  26  2:27  Probe  
  26  2:29  Adept (Chrono Boost)  
  27  2:34  Warp Gate  
  29  2:39  Probe (Chrono Boost)  
  31  2:45  Probe (Chrono Boost)  
  31  2:48  Probe (Chrono Boost)  
  33  2:51  Adept  
  33  2:52  Probe (Chrono Boost)  
  33  2:53  Probe (Chrono Boost)  
  36  3:03  Probe  
  36  3:05  Oracle (Chrono Boost), Probe  
  40  3:10  Pylon  
  41  3:15  Probe  
  42  3:21  Probe  
  43  3:27  Probe  
  43  3:33  Probe  
  45  3:35  Oracle (Chrono Boost)  
  45  3:37  Gateway  
  45  3:40  Probe  
  49  3:47  Nexus  
  49  3:49  Probe  
  50  3:55  Probe  
  49  4:03  Oracle (Chrono Boost)  
  49  4:04  Probe  
  49  4:07  Assimilator  
  49  4:08  Assimilator  
  53  4:10  Pylon  
  53  4:12  Probe  
  53  4:16  Probe  
  53  4:24  Probe  
  53  4:27  Pylon  
  53  4:29  Probe  
  55  4:32  Adept x2  
  55  4:36  Probe  
  55  4:37  Forge  
  60  4:40  Twilight Council  
  60  4:41  Probe  
  61  4:46  Pylon  
  61  4:49  Probe  
  61  4:52  Adept x2  
  66  4:53  Probe (Chrono Boost)  
  66  4:59  Probe (Chrono Boost)  
  68  5:01  Shield Battery  
  68  5:05  Probe (Chrono Boost)  
  68  5:06  Probe (Chrono Boost)  
  70  5:10  Probe (Chrono Boost)  
  70  5:12  Protoss Ground Weapons Level 1 (Chrono Boost), Probe (Chrono Boost)  
  73  5:15  Probe x2 (Chrono Boost)  
  73  5:19  Probe  
  72  5:25  Probe  
  72  5:26  Probe  
  72  5:31  Probe, Gateway  
  72  5:33  Gateway  
  72  5:35  Robotics Facility  
  73  5:37  Blink, Probe  
  73  5:38  Assimilator x2, Probe  
  73  5:39  Pylon  
  73  5:41  Stalker  
  77  5:43  Stalker  
  77  5:49  Probe (Chrono Boost)  
  81  5:50  Probe (Chrono Boost)  
  81  5:51  Probe (Chrono Boost)  
  85  6:04  Probe (Chrono Boost)  
  85  6:06  Stalker, Probe (Chrono Boost)  
  85  6:07  Stalker, Probe (Chrono Boost)  
  85  6:10  Probe (Chrono Boost)  
  89  6:12  Probe  
  89  6:13  Pylon  
  91  6:19  Probe  
  91  6:21  Pylon  
  91  6:25  Robotics Facility  
  92  6:26  Robotics Bay, Stalker  
  92  6:29  Stalker x2  
  92  6:31  Stalker  
  100  6:36  Nexus  
  100  6:38  Pylon  
  100  6:46  Warp Prism  
  102  6:53  Stalker x2  
  102  6:54  Stalker  
  108  6:56  Pylon  
  108  6:59  Protoss Ground Weapons Level 2 (Chrono Boost)  
  106  7:11  Probe  
  106  7:12  Probe  
  106  7:13  Colossus (Chrono Boost)  
  114  7:20  Colossus (Chrono Boost)  
  114  7:21  Gateway  
  114  7:22  Gateway  
  120  7:24  Shield Battery  
  120  7:26  Photon Cannon  
  120  7:28  Extended Thermal Lance  
  120  7:33  Stalker x2  
  124  7:38  Pylon  
  122  7:54  Pylon, Gateway  
  122  7:56  Gateway  
  122  7:59  Stalker, Colossus (Chrono Boost)  
  122  8:00  Stalker x2  
  122  8:04  Colossus (Chrono Boost)  
  134  8:08  Stalker  
  142  8:14  Pylon  
  142  8:18  Stalker x2  
  146  8:28  Stalker x3  
  146  8:31  Pylon  
  152  8:37  Observer (Chrono Boost)  
  152  8:41  Stalker x2  
  157  8:42  Stalker  
  157  8:49  Stalker  
  157  8:54  Immortal (Chrono Boost)  
  157  8:55  Immortal (Chrono Boost)  
  163  9:02  Stalker x4  
  159  9:04  Stalker  
  159  9:05  Probe x2  
  165  9:17  Stalker x3  
  165  9:21  Pylon  
  165  9:23  Pylon  
  171  9:24  Pylon  
  171  9:26  Pylon  
  171  9:30  Assimilator  
  171  9:32  Assimilator  
  169  9:40  Stalker x5  
  169  9:44  Stalker  
  169  9:45  Stalker x2  
Tags
 
Add a new tag
Caveats
  • Supply blocks, unpowered buildings, or Contaminate may cause inaccurate times.
  • Supply counts are checked every 10 seconds.